 Dungeon Crawl Stone Soup version 0.30-b1-2-g02819fbbbe (webtiles) character file.

Game seed: 6189737402310332219

3150 gon the Carver (level 9, -2/82 HPs)
             Began as a Minotaur Berserker on July 12, 2023.
             Was an Elder of Trog.
             Slain by a large abomination (32 damage)
             ... on level 1 of the Abyss.
             The game lasted 00:11:49 (7261 turns).

gon the Carver (Minotaur Berserker)                 Turns: 7261, Time: 00:11:50

Health: -2/82      AC: 14    Str: 27    XL:     9   Next: 62%
Magic:  8/8        EV:  9    Int:  4    God:    Trog [****..]
Gold:   446        SH:  0    Dex:  9    Spells: 8/8 levels left

rFire   . . .        y - +3 falchion
rCold   . . .        (no shield)
rNeg    . . .        x - +0 chain mail
rPois   .            (helmet restricted)
rElec   .            (no cloak)
rCorr   .            n - +0 pair of gloves
SInv    .            A - +1 pair of boots
Will    .....        (no amulet) Stlth
                     (no ring)
HPRegen 0.33/turn    (no ring)
MPRegen 0.11/turn

%: no passive effects
@: no status effects
A: horns 2, retaliatory headbutt
a: Renounce Religion, Berserk, Trog's Hand, Brothers in Arms


You were on level 1 of the Abyss.
You worshipped Trog.
Trog was greatly pleased with you.
You visited 1 branch of the dungeon, and saw 7 of its levels.
You visited the Abyss 1 time.
You also visited: Sewer.

You collected 446 gold pieces.

Inventory:

Hand Weapons
 a - a +0 hand axe
 c - a +2 short sword of protection
 y - a +3 falchion (weapon)
Armour
 n - a +0 pair of gloves (worn)
 x - a +0 chain mail (worn)
 A - a +1 pair of boots (worn)
Wands
 D - a wand of acid (10)
Scrolls
 f - 2 scrolls of magic mapping {unknown}
 g - 9 scrolls of identify {unknown}
 h - 2 scrolls of enchant weapon {unknown}
 i - 4 scrolls of poison {unknown}
 k - 5 scrolls of teleportation {unknown}
 l - 2 scrolls of noise {unknown}
 p - a scroll of vulnerability {unknown}
 u - a scroll of fear {unknown}
 w - a scroll of immolation {unknown}
 z - 3 scrolls of fog {unknown}
 B - a scroll of enchant armour {unknown}
 E - a scroll of torment {unknown}
Potions
 b - 2 potions of berserk rage
 d - 4 potions of haste {unknown}
 e - 4 potions of heal wounds {unknown}
 j - 4 potions of curing {unknown}
 m - 3 potions of degeneration {unknown}
 o - a potion of might {unknown}
 q - 3 potions of invisibility {unknown}
 r - a potion of magic {unknown}
 s - a potion of cancellation {unknown}
 t - 4 potions of mutation {unknown}
 v - 2 potions of resistance {unknown}
 C - a potion of brilliance {unknown}


   Skills:
 + Level 8.4 Fighting
 - Level 6.0(8.6) Short Blades
 * Level 10.3(11.2) Long Blades
 - Level 4.2 Axes
 + Level 7.1 Armour
 - Level 2.1 Dodging


You had 8 spell levels left.
You didn't know any spells.
Your spell library was empty.

Dungeon Overview and Level Annotations

Branches:
Dungeon (7/15)             Temple (0/1) D:4           Sewer (visited)

Altars:
Cheibriados
Gozag
Nemelex Xobeh
Sif Muna
The Shining One

Shops:
D:7 *


Innate Abilities, Weirdness & Mutations

You have a pair of horns on your head.
You reflexively headbutt those who attack you in melee.


Message History

HP restored.
A large abomination comes into view.
A large abomination is nearby!
The large abomination barely misses you.
You barely miss the large abomination.
Your headbutt misses the large abomination.
The large abomination hits you but does no damage.
You barely miss the large abomination.
The large abomination barely misses you.
You hit the large abomination but do no damage.
You hit the large abomination.
The large abomination is lightly damaged.
The large abomination closely misses you.
You hit the large abomination but do no damage.
You headbutt the large abomination!
The large abomination is moderately damaged.
The large abomination hits you!!
You hit the large abomination.
The large abomination is moderately damaged.
You hit the large abomination.
The large abomination is heavily damaged.
The large abomination hits you!!
You are too injured to fight recklessly!
You are too injured to fight recklessly!
You are too injured to fight recklessly!
You are too injured to fight recklessly!
You are too injured to fight recklessly!
You are too injured to fight recklessly!
You are too injured to fight recklessly!
You barely miss the large abomination.
The large abomination is heavily damaged.
The large abomination hits you but does no damage.
You hit the large abomination but do no damage.
You headbutt the large abomination!
The large abomination is severely damaged.
You barely miss the large abomination.
You headbutt the large abomination, but do no damage.
The large abomination is severely damaged.
The large abomination hits you!!
You die...

#..#..##.#....
........⌠.... .
..............# .#
...#....~≈....#...
# #......~.......
.............#.# .
......~~.....#
.........@X..# #
##.##..##...# #..#
.##.##...##
#......... ....
#............##.
... . .... .....#
# #.##...........#
#. .##.........
~.##. ........#


You could see a large abomination.

Vanquished Creatures
  A two-headed ogre (D:6)
  Prince Ribbit (D:7)
  Sigmund (D:5)
  A shadow (D:7)
  Duvessa (D:6)
  2 ice beasts
  4 black bears
  An ogre (D:5)
  2 phantoms
  A kobold brigand (D:6)
  2 scorpions
  Dowan (D:6)
  5 jellies
  2 hounds
  4 orc priests
  An iron imp (D:5)
  A sleepcap (D:4)
  6 iguanas
  An orc wizard (D:7)
  6 gnolls (D:6)
  11 adders
  2 river rats (Sewer)
  3 white imps
  2 ufetubi
  5 worms
  A dart slug (D:1)
  17 orcs
  5 bats
  15 endoplasms
  10 giant cockroaches
  9 goblins
  4 hobgoblins
  11 jackals
  10 kobolds
  3 quokkas
  13 ball pythons
  3 frilled lizards
  8 rats
176 creatures vanquished.

Notes
Turn   | Place    | Note
-------+----------+-------------------------------------------
     0 | D:1      | gon the Minotaur Berserker began the quest for the Orb.
     0 | D:1      | Reached XP level 1. HP: 19/19 MP: 0/0
    83 | D:1      | Reached XP level 2. HP: 26/27 MP: 1/1
   139 | D:1      | Found a faded altar of an unknown god.
   181 | D:1      | Reached skill level 1 in Short Blades
   210 | D:1      | You fall into a shaft and drop 1 floor!
   327 | D:2      | Reached ** piety under Trog
   328 | D:2      | Reached XP level 3. HP: 34/34 MP: 2/2
   436 | D:2      | Reached XP level 4. HP: 24/41 MP: 3/3
   534 | D:2      | Found a glowing golden altar of the Shining One.
  1054 | D:1      | Reached skill level 5 in Fighting
  1790 | D:3      | Found a glowing drain.
  1804 | Sewer    | Entered a sewer
  1846 | Sewer    | Reached XP level 5. HP: 43/48 MP: 4/4
  2087 | Sewer    | Found a viscous altar of Jiyva.
  2190 | Sewer    | Reached skill level 5 in Short Blades
  2231 | D:3      | Reached *** piety under Trog
  2427 | D:4      | Reached XP level 6. HP: 52/56 MP: 5/5
  2455 | D:4      | Found a staircase to the Ecumenical Temple.
  2894 | D:4      | Found a shimmering blue altar of Sif Muna.
  2902 | D:4      | Reached skill level 1 in Long Blades
  3184 | D:4      | Reached skill level 2 in Long Blades
  3601 | D:3      | Found a sparkling altar of Nemelex Xobeh.
  3684 | D:3      | Reached skill level 3 in Long Blades
  3878 | D:5      | Entered Level 5 of the Dungeon
  3910 | D:5      | Reached XP level 7. HP: 56/61 MP: 6/6
  3990 | D:5      | Reached skill level 4 in Long Blades
  4082 | D:5      | Found a snail-covered altar of Cheibriados.
  4329 | D:5      | Noticed Sigmund
  4343 | D:5      | Reached skill level 5 in Long Blades
  4359 | D:5      | Killed Sigmund
  4621 | D:5      | Reached skill level 6 in Long Blades
  4621 | D:5      | Reached XP level 8. HP: 62/70 MP: 7/7
  4718 | D:5      | Reached **** piety under Trog
  5329 | D:6      | Noticed Duvessa
  5329 | D:6      | Noticed Dowan
  5338 | D:6      | Killed Duvessa
  5341 | D:6      | Killed Dowan
  5420 | D:6      | Noticed a two-headed ogre
  5427 | D:6      | Killed a two-headed ogre
  5428 | D:6      | Reached skill level 8 in Long Blades
  5428 | D:6      | Reached skill level 5 in Armour
  5632 | D:6      | Reached XP level 9. HP: 71/79 MP: 8/8
  5739 | D:6      | Reached skill level 9 in Long Blades
  6576 | D:7      | Noticed Prince Ribbit
  6594 | D:7      | Killed Prince Ribbit
  6719 | D:7      | Found Gozag's Platinum Reserve.
  6719 | D:7      | Found an opulent altar of Gozag.
  6748 | D:7      | Reached skill level 10 in Long Blades
  7229 | Abyss:1  | Cast into level 1 of the Abyss (gnoll sergeant)
  7249 | Abyss:1  | Noticed a large abomination
  7261 | Abyss:1  | Slain by a large abomination

Illustrated notes

Levels and vault maps discovered:
D:1:      wander_arrival_estate, layout_rooms, basic_ecumenical_altar
D:2:      layout_basic, basic_altar
D:3:      layout_basic, lemuel_doored_altar, cheibrodos_sewer_entry_bend
D:4:      layout_loops_corners, mainiacjoe_overflow_paths,
          minmay_temple_entry_large_hall
D:5:      layout_layer_cave, slow_altar_1, uniq_sigmund
D:6:      layout_cave_pools, lemuel_flame_loot_1, uniq_duvessa
D:7:      layout_gridville, okawaru_altar_gauntlet_db,
          nicolae_gozag_zags_fifth_avenue, uniq_crazy_yiuf_cottage,
          uniq_prince_ribbit1
Abyss:1:  base:
D:3

Skill      XL: |  1  2  3  4  5  6  7  8  9 |
---------------+----------------------------+-----
Axes           | 4 |  4.2
Fighting       | 4 5 6 7 8 |  8.4
Short Blades   | 1 2 3 5 6 |  6.0
Long Blades    | 3 6 8 10 | 10.3
Armour         | 4 5 7 |  7.1
Dodging        | |  2.1

Action                     |  1- 3 |  4- 6 |  7- 9 || total
---------------------------+-------+-------+-------++-------
  Melee: Hand axe          |    17 |       |       ||    17
         Headbutt          |     9 |    46 |    43 ||    98
         Short sword       |    45 |   201 |       ||   246
         Punch             |     2 |     3 |     2 ||     7
         Long sword        |       |    73 |       ||    73
         Falchion          |       |    14 |   223 ||   237
 Invoke: Berserk           |       |       |     5 ||     5
         Trog's Hand       |       |       |     1 ||     1
   Stab: Sleeping          |       |     1 |       ||     1
 Armour: Animal skin       |    19 |    16 |       ||    35
         Leather armour    |       |    56 |       ||    56
         Chain mail        |       |    17 |   102 ||   119
  Dodge: Dodged            |    45 |   162 |    83 ||   290
